 Dungeon Crawl Stone Soup version 0.31-a0-4-gefa6de2278 (webtiles) character file.

Game seed: 7736776407356620366

55 mopl the Sneak (level 3, -7/24 HPs)
             Began as an Octopode Brigand on Apr 21, 2023.
             Mangled by a worm (11 damage)
             ... on level 2 of the Dungeon on May 3, 2023.
             The game lasted 00:01:57 (778 turns).

mopl the Sneak (Octopode Brigand)                    Turns: 778, Time: 00:01:58

Health: -7/24      AC:  1    Str: 10    XL:     3   Next: 93%
Magic:  3/3        EV: 12    Int: 15    God:
Gold:   22         SH:  0    Dex: 13    Spells: 2/2 levels left

rFire   . . .        a - +2 dagger
rCold   . . .        (no shield)
rNeg    . . .        (helmet restricted)
rPois   .            (no amulet)
rElec   .            d - ring of resist corrosion
rCorr   +            (no ring)
SInv    .            (no ring)
Will    .....        (no ring)
Stlth   ++++         (no ring)
HPRegen 0.24/turn    (no ring)
MPRegen 0.08/turn    (no ring)
                     (no ring)

%: no passive effects
@: no status effects
A: almost no armour, amphibious, 8 rings, camouflage 1, gelatinous body 1,
(nimble swimmer 1), tentacles
a: no special abilities


You were on level 2 of the Dungeon.
You visited 1 branch of the dungeon, and saw 2 of its levels.

You collected 22 gold pieces.

Inventory:

Hand Weapons
 a - a +2 dagger (weapon)
Missiles
 b - 9 poisoned darts (quivered)
 c - 3 curare-tipped darts
Jewellery
 d - a ring of resist corrosion (left tentacle)
Scrolls
 e - a scroll of magic mapping {unknown}
 f - a scroll of amnesia {unknown}
 g - a scroll of fear {unknown}
 h - a scroll of poison {unknown}
 j - a scroll of blinking {unknown}
 k - a scroll of immolation {unknown}
 n - a scroll of identify {unknown}
 o - a scroll of summoning {unknown}
Potions
 i - a potion of lignification {unknown}
 l - a potion of brilliance {unknown}
 m - a potion of might {unknown}


   Skills:
 - Level 2.0 Fighting
 + Level 2.8 Short Blades
 + Level 2.8 Throwing
 - Level 1.0 Dodging
 + Level 6.1 Stealth


You had 2 spell levels left.
You didn't know any spells.
Your spell library was empty.

Dungeon Overview and Level Annotations

Branches:
Dungeon (2/15)

Altars:

Shops:
D:2 [


Innate Abilities, Weirdness & Mutations

You cannot wear most types of armour.
You are amphibious.
You can wear up to eight rings at the same time.
Your skin changes colour to match your surroundings (Stealth+).
Your rubbery body absorbs attacks. (AC +1, EV +1)
((You are camouflaged when in or above water. (Stealth+)))
You have tentacles for arms and can constrict up to eight enemies at once.


Message History

The helpless goblin fails to defend itself.
You impale the goblin!!
You kill the goblin!
The worm closely misses you.
You see here a +0 dagger.
You hit the worm. You grab the worm.
The worm is lightly wounded.
You constrict the worm.
The adder hisses angrily.
You hear an angry hiss.
A ball python comes into view.
The worm bites you.
You hear a shout!
You hit the adder. Your grab misses the adder.
The adder is heavily wounded.
You constrict the worm, but do no damage.
The adder bites you.
Unknown command.
You hit the adder. Your grab misses the adder.
The adder is severely wounded.
You constrict the worm. The adder bites you. The adder closely misses you.
The worm closely misses you.
Unknown command.
You miss the adder. You grab the adder. You squeeze the adder.
You kill the adder!
You constrict the worm. The ball python closely misses you.
The ball python barely misses you.
Unknown command.
You barely miss the ball python. Your grab misses the ball python.
Your squeeze misses the ball python. You constrict the worm.
The ball python bites you. The ball python barely misses you.
The worm bites you!
* * * LOW HITPOINT WARNING * * *
Unknown command.
You hit the ball python. You grab the ball python. You squeeze the ball python.
You kill the ball python!
You constrict the worm. You completely miss the worm.
The worm is heavily wounded.
You constrict the worm. The worm bites you!
You die...

#.......#
#....#.......#.#
##......##.##........###
#........ #..........#
#.....#..##.##...†..#.#
.......#...# #........#
. .##..##.####..#.# ..
..#....#..=#.####.#
.......#†.?#......# ..
#....#@w?#......#
..[.#..##.####......#
.......#.#..........#
#.##..........#
#.#..†...........
#.##..............#
#?#.................
###.............>..
........###.......


You could see a worm.

Vanquished Creatures
  A gnoll (D:1)
  An adder (D:2)
  A dart slug (D:2)
  4 ball pythons
  4 endoplasms
  A giant cockroach (D:1)
  3 goblins
  3 hobgoblins
  2 quokkas (D:1)
  5 bats
  2 frilled lizards (D:1)
  2 kobolds (D:1)
  4 rats
33 creatures vanquished.

Notes
Turn   | Place    | Note
-------+----------+-------------------------------------------
     0 | D:1      | mopl the Octopode Brigand began the quest for the Orb.
     0 | D:1      | Reached XP level 1. HP: 14/14 MP: 1/1
   152 | D:1      | Reached XP level 2. HP: 19/19 MP: 2/2
   231 | D:1      | Upgraded the game from 0.30-a0-1116-gebefce21f7 to
                  | 0.31-a0-4-gefa6de2278
   350 | D:1      | Reached XP level 3. HP: 24/24 MP: 3/3
   631 | D:2      | Found Kaepe's Antique Armour Emporium.
   747 | D:2      | Reached skill level 6 in Stealth
   778 | D:2      | Mangled by a worm

Illustrated notes

Levels and vault maps discovered:
D:1:      moated_graveyard_arrival, layout_basic
D:2:      layout_basic, basic_altar, ebering_ecumenical_altar_ruins,
          serial_shops, shop, minmay_vboxes

Skill      XL: |  1  2  3 |
---------------+----------+-----
Stealth        | 6 |  6.1
Fighting       | |  2.0
Short Blades   | |  2.8
Throwing       | |  2.8
Dodging        | |  1.0

Action                     || total
---------------------------++-------
  Melee: Dagger            ||    67
         Tentacles         ||     9
         Constrict         ||    13
   Stab: Sleeping          ||    14
 Armour: Skin              ||     6
  Dodge: Dodged            ||    37

Table legend: (Time is in decaauts)
 A = Elapsed time spent in this place.
 B = Non-inter-level travel time spent in this place.
 C = Inter-level travel time spent in this place.
 D = Time resting spent in this place.
 E = Time spent auto-exploring this place.
 F = Levels seen in this place.
 G = Mean time per level.
                   A        B        C        D        E       F      G
               +--------+--------+--------+--------+--------+-----+--------+
         Total |    769 |    749 |     20 |     57 |    485 |   2 |  384.5 |
       Dungeon |    769 |    749 |     20 |     57 |    485 |   2 |  384.5 |
               +--------+--------+--------+--------+--------+-----+--------+

Top non-repeatable levels by time:
     D:1: 625 daAuts
     D:2: 143 daAuts
